 Dungeon Crawl Stone Soup version 0.19.1-1-g22dce08 (webtiles) character file.

131 LORDOFBUTT the Chopper (level 4, -9/40 HPs)
             Began as a Minotaur Berserker on Jan 17, 2017.
             Was a Believer of Trog.
             Mangled by Sigmund
             ... wielding a +1 scythe of venom
              (11 damage)
             ... on level 4 of the Dungeon.
             The game lasted 00:01:46 (1226 turns).

LORDOFBUTT the Chopper (Minotaur Berserker)         Turns: 1226, Time: 00:01:47

Health: -9/40      AC:  2    Str: 23    XL:     4   Next: 91%
Magic:  3/3        EV: 13    Int:  4    God:    Trog [**....]
Gold:   83         SH:  0    Dex:  9    Spells: 0 memorised, 3 levels left

rFire  . . .     SeeInvis .     a - +0 hand axe
rCold  . . .     Gourm    .     b - +0 animal skin
rNeg   . . .     Faith    .     (no shield)
rPois  .         Spirit   .     (helmet restricted)
rElec  .         Reflect  .     (no cloak)
rCorr  .         Harm     .     (no gloves)
MR     .....                    (no boots)
Stlth  +.........               (no amulet)
                                (no ring)
                                (no ring)

@: confused, lethally poisoned (-9 -> -16)
A: retaliatory headbutt, horns 2
a: Berserk, Trog's Hand, Burn Spellbooks, Renounce Religion


You were on level 4 of the Dungeon.
You worshipped Trog.
Trog was pleased with you.
You were very hungry.

You visited 1 branch of the dungeon, and saw 4 of its levels.

You collected 83 gold pieces.

Inventory:

Hand Weapons
 a - a +0 hand axe (weapon)
Armour
 b - a +0 animal skin (worn)
Scrolls
 e - a scroll of fear {unknown}
 g - 3 scrolls of teleportation {unknown}
 h - 2 scrolls of remove curse {unknown}
 l - a scroll of magic mapping {unknown}
Potions
 i - 2 potions of invisibility {unknown}
 j - a potion of heal wounds {unknown}
 k - a potion of haste {unknown}
 m - 2 potions of berserk rage {unknown}
Comestibles
 c - 3 bread rations
 d - 3 beef jerkies
 f - 2 meat rations


   Skills:
 - Level 3.7 Fighting
 * Level 5.9 Axes
 - Level 2.4 Armour
 + Level 3.6 Dodging


You had 3 spell levels left.
You didn't know any spells.

Dungeon Overview and Level Annotations

Branches:
Dungeon (4/15)
 Temple: D:4-7

Altars:
Sif Muna
Trog
Zin

Annotations:
D:4 Sigmund


Innate Abilities, Weirdness & Mutations

You reflexively headbutt those who attack you in melee.
You have a pair of horns on your head.


Message History

Sigmund is heavily wounded.
Sigmund barely misses you. You furiously retaliate!
You headbutt Sigmund! You hit Sigmund.
Sigmund is almost dead.
Sigmund mumbles some strange words.
Sigmund flickers and vanishes!
Deactivating autopickup; reactivate with Ctrl-A.
No target in view!
You hit something. Something hits you.
You are poisoned.
You miss something.
You feel sick.
You barely miss something. Your headbutt misses something.
You feel sick.
You hear some strange, mumbled words.
You are confused.
You miss something.
You feel sick. Something hits you!
* * * LOW HITPOINT WARNING * * *
You barely miss something.
* * * LOW HITPOINT WARNING * * *
You feel sick. Something hits you!
You die...

.. ..##### .......
########
#.%....##......###
#......#.........#
#......#.........#
#.....{#.........#
#..(...@...<.....#
#................#
#....$...........#
..##.##..........+
. #( ##.........#
# ..........#
...%.......#
............+
.............#


There were no monsters in sight!

Vanquished Creatures
  A crimson imp (D:3)
  A worker ant (D:3)
  2 adders
  An ooze (D:3)
  2 dart slugs (D:2)
  3 leopard geckos (D:3)
  A giant cockroach (D:3)
  10 goblins
  6 hobgoblins (D:3)
  A jackal (D:2)
  4 kobolds
  6 bats
  3 frilled lizards
  5 rats
46 creatures vanquished.

Notes
Turn   | Place    | Note
-------+----------+-------------------------------------------
     0 | D:1      | LORDOFBUTT the Minotaur Berserker began the quest for the Orb.
     0 | D:1      | Reached XP level 1. HP: 19/19 MP: 0/0
   286 | D:1      | You fall through a shaft!
   302 | D:2      | Reached skill level 4 in Axes
   302 | D:2      | Reached XP level 2. HP: 24/27 MP: 1/1
   390 | D:2      | Found a deep blue altar of Sif Muna.
   604 | D:2      | Reached XP level 3. HP: 25/33 MP: 2/2
   824 | D:3      | Reached skill level 5 in Axes
   830 | D:3      | Reached XP level 4. HP: 30/40 MP: 3/3
   903 | D:3      | Found a glowing silver altar of Zin.
   941 | D:3      | Reached ** piety under Trog
  1050 | D:3      | Found a bloodstained altar of Trog.
  1112 | D:3      | Found a faded altar of an unknown god.
  1215 | D:4      | Noticed Sigmund
  1226 | D:4      | HP: 2/40 [poisoned by Sigmund]
  1226 | D:4      | Mangled by Sigmund

Skill      XL: |  1  2  3 |
---------------+----------+-----
Axes           | 4 5 |  5.9
Dodging        | 3 |  3.6
Fighting       | |  3.7
Armour         | |  2.4

Action                   |  1- 3 |  4- 6 || total
-------------------------+-------+-------++-------
Melee: Hand axe          |    42 |    56 ||    98
       Headbutt          |     5 |     8 ||    13
Armor: Animal skin       |    13 |     9 ||    22
Dodge: Dodged            |    35 |    36 ||    71
